 Dungeon Crawl Stone Soup version 0.19.1-28-ge1247f7 (webtiles) character file.

13370 dngmouse the Fighter (level 11, -2/105 HPs)
             Began as a Minotaur Fighter on Jan 21, 2017.
             Was a High Priest of Okawaru.
             Slain by Azrael
             ... wielding a +2 scimitar of flaming
              (5 damage)
             ... on level 12 of the Dungeon.
             The game lasted 00:39:01 (8973 turns).

dngmouse the Fighter (Minotaur Fighter)             Turns: 8973, Time: 00:39:01

Health: -2/105     AC: 21    Str: 27    XL:     11   Next: 74%
Magic:  13/17      EV:  8    Int:  5    God:    Okawaru [*****.]
Gold:   462        SH:  0    Dex: 12    Spells: 4 memorised, 2 levels left

rFire  . . .     SeeInvis .     M - +2 battleaxe (vamp)
rCold  . . .     Gourm    .     m - +0 chain mail
rNeg   + . .     Faith    .     (shield currently unavailable)
rPois  .         Spirit   .     (helmet restricted)
rElec  .         Reflect  .     (no cloak)
rCorr  .         Harm     .     s - +0 pair of gloves
MR     .....                    y - +1 pair of boots
Stlth  ..........               l - amulet of regeneration
                                n - +6 ring of protection
                                X - ring of positive energy

@: mighty, finesse, drained
A: retaliatory headbutt, horns 2
a: Heroism, Finesse, Renounce Religion


You were on level 12 of the Dungeon.
You worshipped Okawaru.
Okawaru was extremely pleased with you.
You were hungry.

You visited 2 branches of the dungeon, and saw 13 of its levels.
You also visited: Ossuary.

You collected 483 gold pieces.
You spent 21 gold pieces at shops.

Inventory:

Hand Weapons
 q - a +0 flail
 F - a +2 mace of protection
 M - a +2 vampiric battleaxe (weapon)
Armour
 m - a +0 chain mail (worn)
 s - a +0 pair of gloves (worn)
 y - a +1 pair of boots (worn)
 N - a +0 buckler
 P - the +2 leather armour of the Cockroach {rN++}
   (You found it on level 8 of the Dungeon)

   It greatly protects you from negative energy.
 Y - a +0 shield of cold resistance
Jewellery
 a - a +1 ring of evasion
 l - an amulet of regeneration (around neck)
 n - a +6 ring of protection (right hand)
 U - an uncursed ring of ice
 X - a ring of positive energy (left hand)
Wands
 x - a wand of acid (12/15)
 C - a wand of teleportation (7/9)
 H - a wand of digging (8/24)
 J - a wand of iceblast (14/15)
 L - a wand of paralysis (15/24)
 V - a wand of acid (3/15)
Scrolls
 b - 5 scrolls of teleportation
 e - 3 scrolls of enchant weapon
 g - 3 scrolls of blinking
 i - 3 scrolls of recharging {unknown}
 j - 4 scrolls of identify
 o - a scroll of amnesia {unknown}
 t - a scroll of fear {unknown}
 u - 2 scrolls of enchant armour {unknown}
 w - a scroll of fog {unknown}
 B - a scroll of noise {unknown}
 D - 2 scrolls of magic mapping {unknown}
 S - 2 scrolls of remove curse
 T - 4 scrolls of torment {unknown}
Potions
 d - 3 potions of might
 h - a potion of cancellation
 k - 4 potions of haste
 p - 4 potions of resistance
 v - 3 potions of curing
 z - a potion of cure mutation
 A - a potion of lignification
 E - a potion of magic
 G - 2 potions of flight
Miscellaneous
 W - a sack of spiders
Comestibles
 f - 13 bread rations
 r - 3 royal jellies
 I - 3 meat rations
 O - 3 fruits
 Q - 5 beef jerkies
 R - 7 slices of pizza


   Skills:
 * Level 12.5(12.0) Fighting
 - Level 12.1(11.6) Maces & Flails
 + Level 9.3(8.8) Armour
 - Level 3.6(3.2) Shields
 * Level 10.2(9.8) Invocations


You had 2 spell levels left.
You knew the following spells:

 Your Spells              Type           Power        Failure   Level  Hunger
a - Blink                 Tloc           N/A          100%        2    ###....
b - Repel Missiles        Chrm/Air       #.....       100%        2    ###....
c - Conjure Flame         Conj/Fire      #.......     100%        3    ####...
d - Apportation           Tloc           #.........   99%         1    ##.....


Dungeon Overview and Level Annotations

Branches:
Dungeon (12/15)            Temple (1/1) D:5            Lair (0/6) D:10
    Orc (0/2) D:10

Altars:
Ashenzari
Cheibriados
Dithmenos
Elyvilon
Fedhas
Gozag
Hepliaklqana
Kikubaaqudgha
Makhleb
Nemelex Xobeh
Okawaru
Qazlal
Ru
Sif Muna
Trog
Uskayaw
Vehumet
Xom
Yredelemnul
Zin
The Shining One

Shops:
D:6 *   D:7 }

Annotations:
D:10 2 runed doors
D:12 Azrael, Erolcha


Innate Abilities, Weirdness & Mutations

You reflexively headbutt those who attack you in melee.
You have a pair of horns on your head.


Message History

You partially resist.
You feel drained.
* * * LOW HITPOINT WARNING * * *
Azrael hits you with a scimitar of flaming.
* * * LOW HITPOINT WARNING * * *
Azrael burns you.
* * * LOW HITPOINT WARNING * * *
You are too injured to fight recklessly!
You hit Azrael. You headbutt Azrael!
Azrael is heavily wounded.
You slash the wight! You barely miss Azrael.
Azrael is heavily wounded.
You barely miss the wight.
The wight hits you with an enchanted hand axe.
* * * LOW HITPOINT WARNING * * *
You partially resist.
You feel drained.
Azrael hits you with a scimitar of flaming!
* * * LOW HITPOINT WARNING * * *
Azrael burns you.
You die...

########.##
..........# .......
#..........#
##.......
#..........#
#........
#..........#
#...)....
#.........###........
#..........##........
##..........#R†......
#.......##.z@##
#####..#####..###
##..## ###..###
##..## ##...## ##..##
###..### ##..##.#
###..### ##......#
##...## ##.......#
###..### ##..##....#
###..###


You could see Azrael and a wight.

Vanquished Creatures
  Erica (D:8)
  An unseen horror (D:12)
  A deep elf mage (D:9)
  An ugly thing (D:11)
  A cyclops (D:11)
  2 trolls
  2 hippogriffs
  A hornet (D:12)
  2 two-headed ogres
  A slime creature (D:12)
  2 vampires
  2 shadows (D:12)
  A fire elemental (D:12)
  3 hogs (D:8)
  6 yaks
  2 wraiths
  2 wyverns
  A human (D:8)
  A vampire mosquito (D:10)
  5 hell hounds (D:12)
  A water moccasin (D:9)
  A hornet zombie (D:7)
  6 orc warriors
  An ice beast (D:10)
  3 sky beasts (D:10)
  2 black bears
  10 ogres
  2 phantoms
  4 centaurs
  A crocodile (D:12)
  4 big kobolds
  5 bullfrogs
  5 scorpions
  2 water moccasin skeletons
  10 killer bees (D:10)
  6 wights
  2 howler monkeys
  An electric eel (D:10)
  4 crimson imps
  4 hounds
  2 quasits
  2 jellies
  2 orc priests (D:7)
  8 orc wizards
  3 bullfrog skeletons
  2 centaur skeletons
  11 worker ants
  A killer bee zombie (D:9)
  A hound skeleton (D:9)
  A mummy (Ossuary)
  A howler monkey skeleton (D:9)
  A worker ant zombie (D:5)
  9 adders
  A shadow imp (D:5)
  An ooze (D:1)
  2 adder skeletons
  4 worms
  A dart slug (D:2)
  42 orcs
  5 bats
  5 giant cockroaches
  4 goblins
  6 hobgoblins (D:1)
  5 jackals
  5 frilled lizards
  7 gnoll skeletons (Ossuary)
  19 kobolds
  6 kobold skeletons (Ossuary)
  A leopard gecko skeleton (D:4)
  12 orc skeletons (Ossuary)
  A quokka zombie (D:6)
  8 rats
  A rat zombie (D:6)
292 creatures vanquished.

Notes
Turn   | Place    | Note
-------+----------+-------------------------------------------
     0 | D:1      | dngmouse the Minotaur Fighter began the quest for the Orb.
     0 | D:1      | Reached XP level 1. HP: 19/19 MP: 0/0
   135 | D:1      | Reached XP level 2. HP: 24/27 MP: 1/1
   619 | D:2      | Reached XP level 3. HP: 33/33 MP: 2/2
   853 | D:2      | Reached XP level 4. HP: 39/40 MP: 3/3
   879 | D:2      | Reached skill level 5 in Maces & Flails
  1561 | D:3      | Reached XP level 5. HP: 45/46 MP: 4/4
  1637 | D:4      | Noticed an ogre
  1660 | D:4      | Killed an ogre
  1740 | D:4      | Noticed a black bear
  1748 | D:4      | Killed a black bear
  1748 | D:4      | Reached XP level 6. HP: 45/52 MP: 5/5
  1909 | D:4      | Found a shadowy altar of Dithmenos.
  1932 | D:4      | Reached XP level 7. HP: 59/59 MP: 6/6
  2336 | D:5      | Entered Level 5 of the Dungeon
  2519 | D:5      | Found a staircase to the Ecumenical Temple.
  2524 | Temple   | Entered the Ecumenical Temple
  2621 | Temple   | Became a worshipper of Warmaster Okawaru
  2782 | D:5      | Reached skill level 10 in Maces & Flails
  3427 | D:6      | Found a sand-covered staircase.
  3441 | Ossuary  | Entered an ossuary
  3441 | Ossuary  | Noticed a wraith
  3441 | Ossuary  | Noticed a wraith
  3441 | Ossuary  | Noticed a wraith
  3496 | Ossuary  | Noticed a wraith
  3518 | Ossuary  | Killed a wraith
  3518 | Ossuary  | Reached * piety under Okawaru
  3518 | Ossuary  | Reached XP level 8. HP: 66/66 MP: 7/7
  3678 | D:6      | Found Jifaloc's Assorted Antiques.
  3685 | D:6      | Bought a scroll labeled YDUEMA LUOFFO for 21 gold pieces
  3970 | D:6      | Found a stormy altar of Qazlal.
  4318 | D:7      | Learned a level 2 spell: Blink
  4321 | D:7      | Learned a level 2 spell: Repel Missiles
  4325 | D:7      | Learned a level 3 spell: Conjure Flame
  4341 | D:7      | Found Neyn's Gadget Shop.
  4414 | D:7      | Reached skill level 1 in Invocations
  4453 | D:7      | Reached skill level 5 in Fighting
  4564 | D:7      | Reached ** piety under Okawaru
  4583 | D:7      | Noticed a hippogriff
  4587 | D:7      | Killed a hippogriff
  4587 | D:7      | Reached XP level 9. HP: 63/75 MP: 10/10
  4963 | D:8      | Reached skill level 5 in Armour
  4976 | D:8      | Got a spiked leather armour
  4977 | D:8      | Identified the +2 leather armour of the Cockroach {rN++} (You found it on level 8 of the Dungeon)
  5018 | D:8      | Found a sacrificial altar of Ru.
  5026 | D:8      | Noticed Erica
  5060 | D:8      | Killed Erica
  5060 | D:8      | Reached skill level 5 in Invocations
  5425 | D:8      | Reached *** piety under Okawaru
  5568 | D:8      | Reached XP level 10. HP: 90/90 MP: 13/13
  5613 | D:9      | Learned a level 1 spell: Apportation
  5875 | D:9      | Noticed a deep elf mage
  5893 | D:9      | Killed a deep elf mage
  5893 | D:9      | Reached **** piety under Okawaru
  6441 | D:10     | Entered Level 10 of the Dungeon
  6441 | D:10     | Found a staircase to the Lair.
  6456 | D:10     | Reached skill level 10 in Fighting
  6641 | D:10     | Found a staircase to the Orcish Mines.
  6672 | D:10     | Found a large runed door.
  6672 | D:10     | Found a large runed door.
  6711 | D:10     | Found a large runed door.
  6712 | D:10     | Found a large runed door.
  6752 | D:10     | Reached ***** piety under Okawaru
  7006 | D:10     | Reached XP level 11. HP: 102/102 MP: 16/16
  7834 | D:11     | Noticed a purple ugly thing
  7842 | D:11     | Killed a purple ugly thing
  8385 | D:12     | Found a sparkling altar of Nemelex Xobeh.
  8399 | D:12     | Killed an unseen horror
  8593 | D:12     | Found a shimmering altar of Xom.
  8601 | D:12     | Reached ****** piety under Okawaru
  8695 | D:12     | Reached skill level 10 in Invocations
  8915 | D:12     | Noticed Erolcha
  8915 | D:12     | Noticed a four-headed hydra
  8915 | D:12     | Noticed a hill giant
  8947 | D:12     | Noticed Azrael
  8957 | D:12     | Received a gift from Okawaru
  8973 | D:12     | HP: 3/105 [Azrael/scimitar of flaming (12)]
  8973 | D:12     | Slain by Azrael

Skill      XL: |  1  2  3  4  5  6  7  8  9 10 11 |
---------------+----------------------------------+-----
Maces & Flails | 3 4 5 7 9 11 12 | 12.1
Fighting       | 4 5 8 11 12 | 12.5
Invocations    | 3 6 8 10 | 10.2
Armour         | 4 6 8 9 |  9.3
Shields        | |  3.6

Action                   |  1- 3 |  4- 6 |  7- 9 | 10-12 || total
-------------------------+-------+-------+-------+-------++-------
Melee: Flail             |   109 |    87 |   216 |       ||   412
       Headbutt          |    11 |    16 |    68 |    84 ||   179
       Mace              |       |       |    54 |       ||    54
       Battleaxe         |       |       |    85 |   421 ||   506
Invok: Heroism           |       |       |     1 |     3 ||     4
       Finesse           |       |       |       |     2 ||     2
  Use: Potion            |       |     4 |     3 |     7 ||    14
       Scroll            |       |       |     6 |     6 ||    12
 Stab: Invisible         |       |       |       |     2 ||     2
  Eat: Chunk             |       |     4 |    12 |    11 ||    27
       Fruit             |       |       |     4 |       ||     4
       Beef jerky        |       |       |     1 |       ||     1
Armor: Scale mail        |    19 |       |       |       ||    19
       Chain mail        |    29 |    30 |   135 |   409 ||   603
       Skin              |       |       |    13 |       ||    13
Dodge: Dodged            |    17 |    15 |    66 |   226 ||   324
Block: Shield            |    52 |    39 |    97 |       ||   188
